Connexion

Monsters vs Sound Tigers

Created - 17 novembre 2023 at 08:17

Goals
1 2 3 T
Monsters 0 2 0 2
Sound Tigers 1 0 2 3
Shots
1 2 3 T
Monsters 3 11 11 25
Sound Tigers 16 9 16 41

GoalsPenalties
1st period
1. Sound Tigers , Ryan MacInnis 5 (Jimmy Vesey 11, Brett Ritchie 6) at 6:30
Dysin Mayo (CLE) for Goalie Interference (Minor) at 6:41
Jack Kopacka (BRP) for Cross-checking (Minor) at 9:18
Blade Jenkins (CLE) for High sticking (Minor) at 14:36
2nd period
2. Monsters , Anthony Angello 11 (Blade Jenkins 6, Carsen Twarynski 7) at 11:50
3. Monsters , Mason Geertsen 6 (Nicolas Petan 22, Adam Ginning 15) at 18:33 (PP)
Tim Gettinger (CLE) for Interference (Minor) at 8:04
Tyler Pitlick (BRP) for Interference (Minor) at 9:34
Zach Bogosian (BRP) for Hooking (Minor) at 16:47
3rd period
4. Sound Tigers , Ashton Sautner 5 (Joel Armia 15, Martin Pospisil 14) at 4:54
5. Sound Tigers , Markus Phillips 5 (Rourke Chartier 10, Tyler Pitlick 12) at 5:56
Zach Bogosian (BRP) for High sticking (Minor) at 17:55
Goalie Stats
Kevin Mandolese (CLE), 38 saves from 41 shots - (0,927), L, 19-10-0, 59:14 minutes
Alex Lyon (BRP), 23 saves from 25 shots - (0,920), W, 11-10-0, 60:00 minutes
3 StarsOfficial
1 - Joel Armia (BRP)
2 - Ashton Sautner (BRP)
3 - Markus Phillips (BRP)
Referees : Tom Kowal and Kerry Fraser
Linesman : Greg Devorski and Pierre Racicot
Game Note
No Game Note
Finance
Level 1 -- Attendance: 847 (42,35%) -- Ticket Income 55 055 $
Level 2 -- Attendance: 297 (29,70%) -- Ticket Income 14 850 $
Total Attendance: 1144 (38,13%)
Total Ticket Income: 69 905 $
Other Income: 13 981 $
Total Income: 83 886 $



Team Name Goals Shots Shots Attemp Shots Blocked PIM HIT PP PK FO%
Monsters 22559116131 / 4 (25%)042%
Sound Tigers 34189108170 / 3 (0%)158%

Monsters
Player Name POS G A P +/- PIM HIT SHT SB MP PP MP PP SHT PK MP PK SHT FO% FOT
Adam GinningD011-1001119:343:4011:1600% 0
Alex FormentonLW0000013021:383:4103:04025% 12
Andrew PoturalskiC/RW0000012020:283:4101:54050% 2
Anthony AngelloC/RW1010011011:300:0000:0000% 0
Blade JenkinsC/LW0110210011:360:0000:00037% 19
Blake SiebenalerD0000000217:020:0001:1600% 0
Carsen TwarynskiLW0110012012:380:0001:010100% 1
Chris BigrasD0000020016:470:0001:0100% 0
Dysin MayoD000-1211522:403:3402:1300% 0
Justin BaileyRW000001205:510:0000:0000% 0
Mason GeertsenD101-1011219:343:4011:1600% 0
Max WillmanC/LW000-2011019:413:3311:11057% 21
Nathan WalkerLW000000007:220:0001:3100% 0
Nicholas AbruzzeseC/LW0000003121:383:4113:04033% 21
Nicolas PetanC/LW/RW011-2004018:193:3310:0000% 0
Ryan FitzgeraldC/LW000000005:510:0000:00050% 8
Sean DayD000-1013023:213:3432:5300% 0
Tim GettingerLW000-2211018:303:3300:1200% 0
Sound Tigers
Player Name POS G A P +/- PIM HIT SHT SB MP PP MP PP SHT PK MP PK SHT FO% FOT
Ashton SautnerD1011003225:292:5524:0900% 0
Brett RitchieRW0110042013:090:0000:00050% 2
Christian WolaninD0000001221:112:0113:0500% 0
Eric StaalC/LW0000000120:192:3002:11064% 25
Jack KopackaLW000120003:140:0000:0000% 0
Jesper FasthLW/RW0000013023:142:3004:4200% 0
Jimmy SchuldtD0001012115:050:0002:1700% 0
Jimmy VeseyLW/RW0110013013:460:0000:3700% 0
Joel ArmiaRW0111055225:302:3004:35055% 11
Markus PhillipsD1011002013:360:4800:0000% 0
Martin PospisilC011101203:150:0000:0000% 5
Nikita SoshnikovLW/RW0001005019:562:5812:11067% 6
Rourke ChartierC0111001017:452:5800:00076% 21
Ryan MacInnisC1010006013:140:0000:00043% 14
Trevor Van RiemsdykD0000012221:412:3113:0510% 0
Tyler PitlickC/RW0111232017:442:5700:0000% 0
Yegor KorshkovLW000000001:090:0000:1200% 0
Zach BogosianD0001402022:562:4101:5200% 0



Play-by-Play

1st period


0:01 of 1st period - Eric Staal wins face-off versus Nicholas Abruzzese in neutral zone.
0:05 of 1st period - Icing by Sean Day.
0:06 of 1st period - Nikita Soshnikov wins face-off versus Alex Formenton in Monsters zone.
0:23 of 1st period - Shot by Rourke Chartier.
0:23 of 1st period - Shot Misses the Net.
0:25 of 1st period - Shot by Tyler Pitlick.
0:25 of 1st period - Stopped by Kevin Mandolese with a rebound.
1:24 of 1st period - Shot by Joel Armia.
1:24 of 1st period - Shot Blocked by Dysin Mayo.
1:26 of 1st period - Shot by Ashton Sautner.
1:26 of 1st period - Shot Misses the Net.
2:12 of 1st period - Shot by Jimmy Vesey.
2:12 of 1st period - Shot Misses the Net.
2:50 of 1st period - Blade Jenkins is hit by Tyler Pitlick and loses puck.
3:01 of 1st period - Shot by Nikita Soshnikov.
3:01 of 1st period - Deflect By Rourke Chartier.
3:01 of 1st period - Shot Misses the Net.
3:12 of 1st period - Icing by Ashton Sautner.
3:13 of 1st period - Ryan Fitzgerald wins face-off versus Martin Pospisil in Sound Tigers zone.
4:22 of 1st period - Off-side.
4:23 of 1st period - Rourke Chartier wins face-off versus Blade Jenkins in neutral zone.
4:23 of 1st period - Christian Wolanin is hit by Carsen Twarynski.
4:29 of 1st period - Icing by Dysin Mayo.
4:30 of 1st period - Nikita Soshnikov wins face-off versus Blade Jenkins in Monsters zone.
4:36 of 1st period - Off-side.
4:37 of 1st period - Max Willman wins face-off versus Eric Staal in neutral zone.
5:01 of 1st period - Shot by Joel Armia.
5:01 of 1st period - Shot Hit the Post.
5:07 of 1st period - Shot by Joel Armia.
5:07 of 1st period - Stopped by Kevin Mandolese with a rebound.
5:09 of 1st period - Shot by Zach Bogosian.
5:09 of 1st period - Stopped by Kevin Mandolese with a rebound.
5:11 of 1st period - Shot by Jesper Fasth.
5:11 of 1st period - Shot Misses the Net.
5:13 of 1st period - Shot by Joel Armia.
5:13 of 1st period - Shot Misses the Net.
5:15 of 1st period - Shot by Jesper Fasth.
5:15 of 1st period - Shot Misses the Net.
6:21 of 1st period - Shot by Brett Ritchie.
6:21 of 1st period - Shot Blocked by Adam Ginning.
6:23 of 1st period - Shot by Ryan MacInnis.
6:23 of 1st period - Shot Misses the Net.
6:30 of 1st period - Shot by Ryan MacInnis.
6:30 of 1st period - Goal by Ryan MacInnis - Monsters : 0 - Sound Tigers : 1.
6:31 of 1st period - Nicholas Abruzzese wins face-off versus Martin Pospisil in neutral zone.
6:31 of 1st period - Alex Formenton is hit by Martin Pospisil and loses puck.
6:40 of 1st period - Shot by Martin Pospisil.
6:40 of 1st period - Shot Misses the Net.
6:41 of 1st period - Minor Penalty to Dysin Mayo for Goalie Interference.
6:42 of 1st period - Alex Formenton wins face-off versus Eric Staal in Monsters zone.
8:28 of 1st period - Shot by Eric Staal.
8:28 of 1st period - Shot Misses the Net.
8:30 of 1st period - Shot by Ashton Sautner.
8:30 of 1st period - Stopped by Kevin Mandolese without a rebound.
8:31 of 1st period - Rourke Chartier wins face-off versus Alex Formenton in Monsters zone.
8:34 of 1st period - Shot by Nikita Soshnikov.
8:34 of 1st period - Shot Misses the Net.
8:36 of 1st period - Shot by Trevor Van Riemsdyk.
8:36 of 1st period - Stopped by Kevin Mandolese without a rebound.
8:37 of 1st period - Eric Staal wins face-off versus Alex Formenton in Monsters zone.
8:59 of 1st period - Shot by Ryan MacInnis.
8:59 of 1st period - Stopped by Kevin Mandolese without a rebound.
9:00 of 1st period - Max Willman wins face-off versus Martin Pospisil in Monsters zone.
9:18 of 1st period - Minor Penalty to Jack Kopacka for Cross-checking.
9:19 of 1st period - Joel Armia wins face-off versus Nicholas Abruzzese in Sound Tigers zone.
10:41 of 1st period - Shot by Sean Day.
10:41 of 1st period - Stopped by Alex Lyon with a rebound.
10:43 of 1st period - Shot by Sean Day.
10:43 of 1st period - Stopped by Alex Lyon with a rebound.
11:19 of 1st period - Shot by Brett Ritchie.
11:19 of 1st period - Shot Misses the Net.
11:35 of 1st period - Shot by Ryan MacInnis.
11:35 of 1st period - Stopped by Kevin Mandolese without a rebound.
11:36 of 1st period - Ryan Fitzgerald wins face-off versus Rourke Chartier in Monsters zone.
11:44 of 1st period - Icing by Nikita Soshnikov.
11:45 of 1st period - Rourke Chartier wins face-off versus Blade Jenkins in Sound Tigers zone.
12:06 of 1st period - Shot by Anthony Angello.
12:06 of 1st period - Shot Misses the Net.
12:20 of 1st period - Shot by Blade Jenkins.
12:20 of 1st period - Shot Blocked by Jimmy Schuldt.
12:22 of 1st period - Shot by Carsen Twarynski.
12:22 of 1st period - Stopped by Alex Lyon without a rebound.
12:23 of 1st period - Eric Staal wins face-off versus Max Willman in Sound Tigers zone.
14:30 of 1st period - Carsen Twarynski is hit by Brett Ritchie and loses puck.
14:36 of 1st period - Minor Penalty to Blade Jenkins for High sticking.
14:37 of 1st period - Rourke Chartier wins face-off versus Nicholas Abruzzese in Monsters zone.
14:53 of 1st period - Shot by Ashton Sautner.
14:53 of 1st period - Shot Blocked by Dysin Mayo.
14:59 of 1st period - Shot by Ashton Sautner.
14:59 of 1st period - Shot Misses the Net.
15:39 of 1st period - Shot by Joel Armia.
15:39 of 1st period - Shot Blocked by Mason Geertsen.
15:45 of 1st period - Shot by Joel Armia.
15:45 of 1st period - Shot Misses the Net.
16:17 of 1st period - Shot by Tyler Pitlick.
16:17 of 1st period - Deflect By Nikita Soshnikov.
16:17 of 1st period - Stopped by Kevin Mandolese with a rebound.
16:19 of 1st period - Shot by Ashton Sautner.
16:19 of 1st period - Stopped by Kevin Mandolese without a rebound.
16:20 of 1st period - Nikita Soshnikov wins face-off versus Alex Formenton in Monsters zone.
16:21 of 1st period - Shot by Christian Wolanin.
16:21 of 1st period - Stopped by Kevin Mandolese without a rebound.
16:22 of 1st period - Rourke Chartier wins face-off versus Alex Formenton in Monsters zone.
16:38 of 1st period - Shot by Nikita Soshnikov.
16:38 of 1st period - Shot Misses the Net.
16:40 of 1st period - Shot by Ryan MacInnis.
16:40 of 1st period - Shot Misses the Net.
16:42 of 1st period - Shot by Ryan MacInnis.
16:42 of 1st period - Stopped by Kevin Mandolese with a rebound.
17:07 of 1st period - Ryan MacInnis is hit by Chris Bigras and loses puck.
17:44 of 1st period - Shot by Jesper Fasth.
17:44 of 1st period - Stopped by Kevin Mandolese without a rebound.
17:45 of 1st period - Max Willman wins face-off versus Rourke Chartier in Monsters zone.
18:14 of 1st period - Icing by Ashton Sautner.
18:15 of 1st period - Rourke Chartier wins face-off versus Nicholas Abruzzese in Sound Tigers zone.
19:01 of 1st period - Shot by Jesper Fasth.
19:01 of 1st period - Stopped by Kevin Mandolese without a rebound.
19:02 of 1st period - Max Willman wins face-off versus Ryan MacInnis in Monsters zone.
19:11 of 1st period - Shot by Max Willman.
19:11 of 1st period - Shot Misses the Net.
19:19 of 1st period - Shot by Brett Ritchie.
19:19 of 1st period - Deflect By Jimmy Vesey.
19:19 of 1st period - Stopped by Kevin Mandolese without a rebound.
19:20 of 1st period - Eric Staal wins face-off versus Ryan Fitzgerald in Monsters zone.
19:21 of 1st period - Shot by Joel Armia.
19:21 of 1st period - Stopped by Kevin Mandolese without a rebound.
19:22 of 1st period - Blade Jenkins wins face-off versus Eric Staal in Monsters zone.
19:58 of 1st period - Shot by Carsen Twarynski.
19:58 of 1st period - Shot Misses the Net.
Goals for this period are 0 for Monsters vs 1 for Sound Tigers.
Shots for this period are 3 for Monsters vs 16 for Sound Tigers.

2nd period


0:01 of 2nd period - Eric Staal wins face-off versus Nicholas Abruzzese in neutral zone.
0:06 of 2nd period - Shot by Joel Armia.
0:06 of 2nd period - Stopped by Kevin Mandolese with a rebound.
0:08 of 2nd period - Shot by Joel Armia.
0:08 of 2nd period - Shot Blocked by Dysin Mayo.
0:10 of 2nd period - Shot by Jesper Fasth.
0:10 of 2nd period - Shot Misses the Net.
0:12 of 2nd period - Shot by Zach Bogosian.
0:12 of 2nd period - Stopped by Kevin Mandolese with a rebound.
0:22 of 2nd period - Shot by Joel Armia.
0:22 of 2nd period - Stopped by Kevin Mandolese without a rebound.
0:23 of 2nd period - Rourke Chartier wins face-off versus Max Willman in Monsters zone.
1:30 of 2nd period - Shot by Nicholas Abruzzese.
1:30 of 2nd period - Stopped by Alex Lyon without a rebound.
1:31 of 2nd period - Ryan Fitzgerald wins face-off versus Eric Staal in Sound Tigers zone.
1:38 of 2nd period - Shot by Joel Armia.
1:38 of 2nd period - Shot Misses the Net.
1:58 of 2nd period - Shot by Joel Armia.
1:58 of 2nd period - Stopped by Kevin Mandolese with a rebound.
2:04 of 2nd period - Chris Bigras is hit by Joel Armia and loses puck.
3:36 of 2nd period - Shot by Blade Jenkins.
3:36 of 2nd period - Shot Misses the Net.
4:27 of 2nd period - Shot by Nikita Soshnikov.
4:27 of 2nd period - Stopped by Kevin Mandolese with a rebound.
4:34 of 2nd period - Icing by Mason Geertsen.
4:35 of 2nd period - Eric Staal wins face-off versus Blade Jenkins in Monsters zone.
5:57 of 2nd period - Shot by Alex Formenton.
5:57 of 2nd period - Stopped by Alex Lyon with a rebound.
5:59 of 2nd period - Shot by Alex Formenton.
5:59 of 2nd period - Stopped by Alex Lyon without a rebound.
6:00 of 2nd period - Ryan Fitzgerald wins face-off versus Martin Pospisil in Sound Tigers zone.
6:23 of 2nd period - Shot by Justin Bailey.
6:23 of 2nd period - Shot Misses the Net.
6:25 of 2nd period - Shot by Dysin Mayo.
6:25 of 2nd period - Shot Blocked by Trevor Van Riemsdyk.
6:27 of 2nd period - Shot by Justin Bailey.
6:27 of 2nd period - Shot Misses the Net.
6:29 of 2nd period - Shot by Dysin Mayo.
6:29 of 2nd period - Stopped by Alex Lyon without a rebound.
6:30 of 2nd period - Ryan MacInnis wins face-off versus Nicholas Abruzzese in Sound Tigers zone.
6:30 of 2nd period - Ryan MacInnis is hit by Andrew Poturalski.
6:40 of 2nd period - Alex Formenton is hit by Brett Ritchie and loses puck.
6:44 of 2nd period - Blake Siebenaler is hit by Brett Ritchie and loses puck.
7:45 of 2nd period - Icing by Dysin Mayo.
7:46 of 2nd period - Max Willman wins face-off versus Nikita Soshnikov in Monsters zone.
8:04 of 2nd period - Minor Penalty to Tim Gettinger for Interference.
8:05 of 2nd period - Eric Staal wins face-off versus Alex Formenton in Monsters zone.
8:52 of 2nd period - Icing by Christian Wolanin.
8:53 of 2nd period - Rourke Chartier wins face-off versus Alex Formenton in Sound Tigers zone.
8:58 of 2nd period - Nicholas Abruzzese is hit by Tyler Pitlick and loses puck.
9:34 of 2nd period - Minor Penalty to Tyler Pitlick for Interference.
9:35 of 2nd period - Joel Armia wins face-off versus Max Willman in Sound Tigers zone.
9:45 of 2nd period - Shot by Jesper Fasth.
9:45 of 2nd period - Stopped by Kevin Mandolese without a rebound.
9:46 of 2nd period - Carsen Twarynski wins face-off versus Joel Armia in Monsters zone.
9:52 of 2nd period - Off-side.
9:53 of 2nd period - Joel Armia wins face-off versus Alex Formenton in neutral zone.
11:30 of 2nd period - Shot by Trevor Van Riemsdyk.
11:30 of 2nd period - Stopped by Kevin Mandolese without a rebound.
11:31 of 2nd period - Nicholas Abruzzese wins face-off versus Joel Armia in Monsters zone.
11:31 of 2nd period - Nicholas Abruzzese is hit by Joel Armia.
11:34 of 2nd period - Icing by Alex Formenton.
11:35 of 2nd period - Ryan MacInnis wins face-off versus Blade Jenkins in Monsters zone.
11:44 of 2nd period - Shot by Blade Jenkins.
11:44 of 2nd period - Shot Misses the Net.
11:46 of 2nd period - Shot by Carsen Twarynski.
11:46 of 2nd period - Shot Misses the Net.
11:48 of 2nd period - Shot by Blade Jenkins.
11:48 of 2nd period - Shot Misses the Net.
11:50 of 2nd period - Shot by Anthony Angello.
11:50 of 2nd period - Goal by Anthony Angello - Monsters : 1 - Sound Tigers : 1.
11:51 of 2nd period - Rourke Chartier wins face-off versus Ryan Fitzgerald in neutral zone.
11:51 of 2nd period - Ashton Sautner is hit by Justin Bailey and loses puck.
12:02 of 2nd period - Shot by Justin Bailey.
12:02 of 2nd period - Stopped by Alex Lyon with a rebound.
12:13 of 2nd period - Icing by Tyler Pitlick.
12:14 of 2nd period - Rourke Chartier wins face-off versus Alex Formenton in Sound Tigers zone.
12:24 of 2nd period - Shot by Alex Formenton.
12:24 of 2nd period - Shot Misses the Net.
12:26 of 2nd period - Shot by Alex Formenton.
12:26 of 2nd period - Shot Blocked by Ashton Sautner.
12:32 of 2nd period - Shot by Alex Formenton.
12:32 of 2nd period - Stopped by Alex Lyon with a rebound.
12:34 of 2nd period - Shot by Alex Formenton.
12:34 of 2nd period - Deflect By Nicholas Abruzzese.
12:34 of 2nd period - Stopped by Alex Lyon without a rebound.
12:35 of 2nd period - Eric Staal wins face-off versus Max Willman in Sound Tigers zone.
12:35 of 2nd period - Eric Staal is hit by Tim Gettinger.
13:41 of 2nd period - Shot by Jimmy Vesey.
13:41 of 2nd period - Shot Blocked by Mason Geertsen.
13:45 of 2nd period - Shot by Brett Ritchie.
13:45 of 2nd period - Shot Misses the Net.
13:47 of 2nd period - Shot by Brett Ritchie.
13:47 of 2nd period - Shot Misses the Net.
13:51 of 2nd period - Shot by Ryan MacInnis.
13:51 of 2nd period - Stopped by Kevin Mandolese without a rebound.
13:52 of 2nd period - Rourke Chartier wins face-off versus Blade Jenkins in Monsters zone.
13:53 of 2nd period - Shot by Nikita Soshnikov.
13:53 of 2nd period - Shot Hit the Post.
13:56 of 2nd period - Icing by Carsen Twarynski.
13:57 of 2nd period - Nikita Soshnikov wins face-off versus Blade Jenkins in Monsters zone.
14:35 of 2nd period - Shot by Carsen Twarynski.
14:35 of 2nd period - Shot Misses the Net.
15:05 of 2nd period - Nicholas Abruzzese is hit by Trevor Van Riemsdyk and loses puck.
15:08 of 2nd period - Shot by Andrew Poturalski.
15:08 of 2nd period - Shot Misses the Net.
15:10 of 2nd period - Shot by Mason Geertsen.
15:10 of 2nd period - Shot Misses the Net.
15:12 of 2nd period - Shot by Alex Formenton.
15:12 of 2nd period - Shot Blocked by Eric Staal.
15:14 of 2nd period - Shot by Mason Geertsen.
15:14 of 2nd period - Shot Misses the Net.
15:16 of 2nd period - Shot by Mason Geertsen.
15:16 of 2nd period - Deflect By Alex Formenton.
15:16 of 2nd period - Shot Misses the Net.
15:18 of 2nd period - Shot by Andrew Poturalski.
15:18 of 2nd period - Stopped by Alex Lyon without a rebound.
15:19 of 2nd period - Max Willman wins face-off versus Ryan MacInnis in Sound Tigers zone.
15:36 of 2nd period - Shot by Brett Ritchie.
15:36 of 2nd period - Stopped by Kevin Mandolese without a rebound.
15:37 of 2nd period - Eric Staal wins face-off versus Ryan Fitzgerald in Monsters zone.
16:06 of 2nd period - Shot by Joel Armia.
16:06 of 2nd period - Shot Misses the Net.
16:08 of 2nd period - Shot by Joel Armia.
16:08 of 2nd period - Shot Misses the Net.
16:44 of 2nd period - Shot by Andrew Poturalski.
16:44 of 2nd period - Shot Misses the Net.
16:47 of 2nd period - Minor Penalty to Zach Bogosian for Hooking.
16:48 of 2nd period - Max Willman wins face-off versus Joel Armia in Sound Tigers zone.
16:59 of 2nd period - Shot by Nicolas Petan.
16:59 of 2nd period - Stopped by Alex Lyon without a rebound.
17:00 of 2nd period - Alex Formenton wins face-off versus Joel Armia in Sound Tigers zone.
17:19 of 2nd period - Shot by Dysin Mayo.
17:19 of 2nd period - Shot Blocked by Ashton Sautner.
17:44 of 2nd period - Icing by Andrew Poturalski.
17:45 of 2nd period - Eric Staal wins face-off versus Nicholas Abruzzese in Monsters zone.
17:47 of 2nd period - Nikita Soshnikov is hit by Dysin Mayo and loses puck.
17:51 of 2nd period - Icing by Nicholas Abruzzese.
17:52 of 2nd period - Nicholas Abruzzese wins face-off versus Nikita Soshnikov in Monsters zone.
18:18 of 2nd period - Off-side.
18:19 of 2nd period - Joel Armia wins face-off versus Max Willman in neutral zone.
18:22 of 2nd period - Adam Ginning is hit by Jesper Fasth and loses puck.
18:31 of 2nd period - Shot by Nicolas Petan.
18:31 of 2nd period - Shot Blocked by Trevor Van Riemsdyk.
18:33 of 2nd period - Shot by Mason Geertsen.
18:33 of 2nd period - Goal by Mason Geertsen - Monsters : 2 - Sound Tigers : 1.
18:34 of 2nd period - Rourke Chartier wins face-off versus Blade Jenkins in neutral zone.
18:34 of 2nd period - Rourke Chartier is hit by Blade Jenkins.
18:37 of 2nd period - Off-side.
18:38 of 2nd period - Blade Jenkins wins face-off versus Rourke Chartier in neutral zone.
19:00 of 2nd period - Icing by Chris Bigras.
19:01 of 2nd period - Blade Jenkins wins face-off versus Ryan MacInnis in Monsters zone.
19:35 of 2nd period - Ryan MacInnis is hit by Chris Bigras and loses puck.
19:41 of 2nd period - Icing by Blake Siebenaler.
19:42 of 2nd period - Eric Staal wins face-off versus Blade Jenkins in Monsters zone.
19:47 of 2nd period - Shot by Joel Armia.
19:47 of 2nd period - Shot Blocked by Blake Siebenaler.
Goals for this period are 2 for Monsters vs 0 for Sound Tigers.
Shots for this period are 11 for Monsters vs 9 for Sound Tigers.

3rd period


0:01 of 3rd period - Nicholas Abruzzese wins face-off versus Eric Staal in neutral zone.
0:14 of 3rd period - Jesper Fasth is hit by Sean Day and loses puck.
0:23 of 3rd period - Shot by Eric Staal.
0:23 of 3rd period - Shot Misses the Net.
0:42 of 3rd period - Shot by Eric Staal.
0:42 of 3rd period - Shot Blocked by Dysin Mayo.
1:00 of 3rd period - Shot by Nicolas Petan.
1:00 of 3rd period - Stopped by Alex Lyon without a rebound.
1:01 of 3rd period - Max Willman wins face-off versus Ryan MacInnis in Sound Tigers zone.
1:14 of 3rd period - Shot by Jimmy Vesey.
1:14 of 3rd period - Shot Misses the Net.
1:20 of 3rd period - Shot by Jimmy Schuldt.
1:20 of 3rd period - Stopped by Kevin Mandolese with a rebound.
1:22 of 3rd period - Shot by Ryan MacInnis.
1:22 of 3rd period - Shot Misses the Net.
1:24 of 3rd period - Shot by Jimmy Schuldt.
1:24 of 3rd period - Stopped by Kevin Mandolese without a rebound.
1:25 of 3rd period - Rourke Chartier wins face-off versus Blade Jenkins in Monsters zone.
2:40 of 3rd period - Icing by Trevor Van Riemsdyk.
2:41 of 3rd period - Max Willman wins face-off versus Rourke Chartier in Sound Tigers zone.
2:54 of 3rd period - Dysin Mayo is hit by Tyler Pitlick and loses puck.
3:35 of 3rd period - Shot by Joel Armia.
3:35 of 3rd period - Shot Misses the Net.
4:46 of 3rd period - Shot by Joel Armia.
4:46 of 3rd period - Shot Misses the Net.
4:48 of 3rd period - Shot by Ashton Sautner.
4:48 of 3rd period - Shot Misses the Net.
4:50 of 3rd period - Shot by Ashton Sautner.
4:50 of 3rd period - Deflect By Martin Pospisil.
4:50 of 3rd period - Stopped by Kevin Mandolese with a rebound.
4:52 of 3rd period - Shot by Joel Armia.
4:52 of 3rd period - Shot Misses the Net.
4:54 of 3rd period - Shot by Ashton Sautner.
4:54 of 3rd period - Goal by Ashton Sautner - Monsters : 2 - Sound Tigers : 2.
4:55 of 3rd period - Eric Staal wins face-off versus Nicholas Abruzzese in neutral zone.
5:45 of 3rd period - Icing by Tyler Pitlick.
5:46 of 3rd period - Rourke Chartier wins face-off versus Blade Jenkins in Sound Tigers zone.
5:46 of 3rd period - Rourke Chartier is hit by Anthony Angello.
5:56 of 3rd period - Shot by Markus Phillips.
5:56 of 3rd period - Goal by Markus Phillips - Monsters : 2 - Sound Tigers : 3.
5:57 of 3rd period - Ryan MacInnis wins face-off versus Ryan Fitzgerald in neutral zone.
6:10 of 3rd period - Shot by Justin Bailey.
6:10 of 3rd period - Stopped by Alex Lyon with a rebound.
6:18 of 3rd period - Shot by Brett Ritchie.
6:18 of 3rd period - Shot Blocked by Blake Siebenaler.
6:34 of 3rd period - Ryan Fitzgerald is hit by Brett Ritchie and loses puck.
7:02 of 3rd period - Shot by Tyler Pitlick.
7:02 of 3rd period - Deflect By Nikita Soshnikov.
7:02 of 3rd period - Stopped by Kevin Mandolese without a rebound.
7:03 of 3rd period - Nicholas Abruzzese wins face-off versus Eric Staal in Monsters zone.
8:21 of 3rd period - Shot by Rourke Chartier.
8:21 of 3rd period - Shot Misses the Net.
8:27 of 3rd period - Shot by Nikita Soshnikov.
8:27 of 3rd period - Deflect By Rourke Chartier.
8:27 of 3rd period - Stopped by Kevin Mandolese without a rebound.
8:28 of 3rd period - Ryan MacInnis wins face-off versus Max Willman in Monsters zone.
9:40 of 3rd period - Shot by Nikita Soshnikov.
9:40 of 3rd period - Stopped by Kevin Mandolese without a rebound.
9:41 of 3rd period - Andrew Poturalski wins face-off versus Martin Pospisil in Monsters zone.
9:41 of 3rd period - Andrew Poturalski is hit by Joel Armia.
9:54 of 3rd period - Shot by Martin Pospisil.
9:54 of 3rd period - Stopped by Kevin Mandolese without a rebound.
9:55 of 3rd period - Rourke Chartier wins face-off versus Blade Jenkins in Monsters zone.
10:26 of 3rd period - Shot by Nikita Soshnikov.
10:26 of 3rd period - Shot Blocked by Dysin Mayo.
10:28 of 3rd period - Shot by Christian Wolanin.
10:28 of 3rd period - Shot Misses the Net.
10:30 of 3rd period - Shot by Tyler Pitlick.
10:30 of 3rd period - Stopped by Kevin Mandolese without a rebound.
10:31 of 3rd period - Eric Staal wins face-off versus Nicholas Abruzzese in Monsters zone.
10:58 of 3rd period - Icing by Mason Geertsen.
10:59 of 3rd period - Brett Ritchie wins face-off versus Andrew Poturalski in Monsters zone.
11:02 of 3rd period - Shot by Markus Phillips.
11:02 of 3rd period - Shot Misses the Net.
11:34 of 3rd period - Shot by Jimmy Vesey.
11:34 of 3rd period - Deflect By Brett Ritchie.
11:34 of 3rd period - Shot Misses the Net.
11:51 of 3rd period - Icing by Blake Siebenaler.
11:52 of 3rd period - Max Willman wins face-off versus Eric Staal in Monsters zone.
12:13 of 3rd period - Shot by Nicolas Petan.
12:13 of 3rd period - Stopped by Alex Lyon with a rebound.
12:42 of 3rd period - Icing by Sean Day.
12:43 of 3rd period - Blade Jenkins wins face-off versus Rourke Chartier in Monsters zone.
12:54 of 3rd period - Shot by Rourke Chartier.
12:54 of 3rd period - Shot Hit the Post.
12:56 of 3rd period - Shot by Nikita Soshnikov.
12:56 of 3rd period - Stopped by Kevin Mandolese without a rebound.
12:57 of 3rd period - Ryan MacInnis wins face-off versus Nicholas Abruzzese in Monsters zone.
13:06 of 3rd period - Shot by Brett Ritchie.
13:06 of 3rd period - Stopped by Kevin Mandolese without a rebound.
13:07 of 3rd period - Rourke Chartier wins face-off versus Nicholas Abruzzese in Monsters zone.
13:37 of 3rd period - Shot by Alex Formenton.
13:37 of 3rd period - Shot Blocked by Christian Wolanin.
13:39 of 3rd period - Shot by Adam Ginning.
13:39 of 3rd period - Shot Blocked by Christian Wolanin.
13:41 of 3rd period - Shot by Andrew Poturalski.
13:41 of 3rd period - Stopped by Alex Lyon without a rebound.
13:42 of 3rd period - Eric Staal wins face-off versus Max Willman in Sound Tigers zone.
13:47 of 3rd period - Nicolas Petan is hit by Joel Armia and loses puck.
14:04 of 3rd period - Shot by Nicolas Petan.
14:04 of 3rd period - Shot Misses the Net.
14:06 of 3rd period - Shot by Dysin Mayo.
14:06 of 3rd period - Shot Misses the Net.
14:08 of 3rd period - Shot by Tim Gettinger.
14:08 of 3rd period - Stopped by Alex Lyon without a rebound.
14:09 of 3rd period - Blade Jenkins wins face-off versus Ryan MacInnis in Sound Tigers zone.
14:17 of 3rd period - Icing by Jimmy Schuldt.
14:18 of 3rd period - Ryan MacInnis wins face-off versus Nicholas Abruzzese in Sound Tigers zone.
14:20 of 3rd period - Icing by Brett Ritchie.
14:21 of 3rd period - Nicholas Abruzzese wins face-off versus Ryan MacInnis in Sound Tigers zone.
14:21 of 3rd period - Nicholas Abruzzese is hit by Jimmy Schuldt.
14:49 of 3rd period - Shot by Ryan MacInnis.
14:49 of 3rd period - Stopped by Kevin Mandolese without a rebound.
14:50 of 3rd period - Eric Staal wins face-off versus Max Willman in Monsters zone.
15:31 of 3rd period - Ashton Sautner is hit by Mason Geertsen and loses puck.
15:50 of 3rd period - Sean Day is hit by Joel Armia and loses puck.
16:13 of 3rd period - Shot by Trevor Van Riemsdyk.
16:13 of 3rd period - Shot Blocked by Nicholas Abruzzese.
16:15 of 3rd period - Shot by Tyler Pitlick.
16:15 of 3rd period - Shot Misses the Net.
16:55 of 3rd period - Shot by Jimmy Vesey.
16:55 of 3rd period - Stopped by Kevin Mandolese with a rebound.
16:57 of 3rd period - Shot by Markus Phillips.
16:57 of 3rd period - Stopped by Kevin Mandolese without a rebound.
16:58 of 3rd period - Blade Jenkins wins face-off versus Ryan MacInnis in Monsters zone.
16:58 of 3rd period - Blade Jenkins is hit by Jimmy Vesey.
17:04 of 3rd period - Shot by Jimmy Vesey.
17:04 of 3rd period - Stopped by Kevin Mandolese without a rebound.
17:05 of 3rd period - Blade Jenkins wins face-off versus Brett Ritchie in Monsters zone.
17:34 of 3rd period - Shot by Carsen Twarynski.
17:34 of 3rd period - Stopped by Alex Lyon without a rebound.
17:35 of 3rd period - Max Willman wins face-off versus Eric Staal in Sound Tigers zone.
17:50 of 3rd period - Shot by Nicolas Petan.
17:50 of 3rd period - Stopped by Alex Lyon with a rebound.
17:52 of 3rd period - Shot by Mason Geertsen.
17:52 of 3rd period - Shot Misses the Net.
17:54 of 3rd period - Shot by Adam Ginning.
17:54 of 3rd period - Shot Misses the Net.
17:55 of 3rd period - Minor Penalty to Zach Bogosian for High sticking.
17:56 of 3rd period - Joel Armia wins face-off versus Nicholas Abruzzese in Sound Tigers zone.
17:56 of 3rd period - Joel Armia is hit by Alex Formenton.
18:18 of 3rd period - Shot by Sean Day.
18:18 of 3rd period - Stopped by Alex Lyon without a rebound.
18:19 of 3rd period - Max Willman wins face-off versus Joel Armia in Sound Tigers zone.
18:22 of 3rd period - Shot by Max Willman.
18:22 of 3rd period - Shot Blocked by Joel Armia.
18:32 of 3rd period - Shot by Mason Geertsen.
18:32 of 3rd period - Shot Misses the Net.
18:34 of 3rd period - Shot by Nicolas Petan.
18:34 of 3rd period - Shot Misses the Net.
18:54 of 3rd period - Shot by Adam Ginning.
18:54 of 3rd period - Deflect By Nicolas Petan.
18:54 of 3rd period - Shot Misses the Net.
18:56 of 3rd period - Shot by Tim Gettinger.
18:56 of 3rd period - Shot Blocked by Joel Armia.
18:58 of 3rd period - Shot by Adam Ginning.
18:58 of 3rd period - Stopped by Alex Lyon without a rebound.
18:59 of 3rd period - Eric Staal wins face-off versus Nicholas Abruzzese in Sound Tigers zone.
19:05 of 3rd period - Icing by Alex Formenton.
19:06 of 3rd period - Nicholas Abruzzese wins face-off versus Eric Staal in Monsters zone.
19:14 of 3rd period - Monsters, Kevin Mandolese is pulled from the net.
19:18 of 3rd period - Shot by Dysin Mayo.
19:18 of 3rd period - Shot Misses the Net.
19:24 of 3rd period - Shot by Nicholas Abruzzese.
19:24 of 3rd period - Stopped by Alex Lyon without a rebound.
19:25 of 3rd period - Joel Armia wins face-off versus Max Willman in Sound Tigers zone.
19:44 of 3rd period - Jimmy Schuldt is hit by Max Willman and loses puck.
19:54 of 3rd period - Shot by Max Willman.
19:54 of 3rd period - Stopped by Alex Lyon without a rebound.
19:55 of 3rd period - Alex Formenton wins face-off versus Ryan MacInnis in Sound Tigers zone.
Goals for this period are 0 for Monsters vs 2 for Sound Tigers.
Shots for this period are 11 for Monsters vs 16 for Sound Tigers.